 Dungeon Crawl Stone Soup version 0.30-a0-802-gb92711bcdf (webtiles) character file.

Game seed: 5586727282533322178

37 Wobber the Grave Robber (level 3, -1/25 HPs)
             Began as a Demonspawn Necromancer on Feb 24, 2023.
             Slain by an endoplasm (2 damage)
             ... on level 2 of the Dungeon.
             The game lasted 00:05:08 (1399 turns).

Wobber the Grave Robber (Demonspawn Necromancer)    Turns: 1399, Time: 00:05:08

Health: -1/25      AC:  2    Str:  8    XL:     3   Next: 21%
Magic:  3/6        EV: 12    Int: 18    God:
Gold:   55         SH:  0    Dex: 13    Spells: 5/6 levels left

rFire   . . .      SeeInvis .    a - +3 short sword
rCold   . . .      Faith    .    (no shield)
rNeg    . . .      Spirit   .    h - +0 robe
rPois   .          Reflect  .    (no helmet)
rElec   .          Harm     .    (no cloak)
rCorr   .          Rampage  .    (no gloves)
Will    .....                    (no boots)
Stlth   ++                       (no amulet)
HPRegen 0.24/turn                i - ring of flight
MPRegen 0.10/turn                (no ring)

@: lethally poisoned (-1 -> -6), flying, invisible
A: demonic guardian 1, demonic magic 1
a: no special abilities


You were on level 2 of the Dungeon.
You visited 1 branch of the dungeon, and saw 2 of its levels.

You collected 55 gold pieces.

Inventory:

Hand Weapons
 a - a +3 short sword (weapon)
 b - a +0 sling
 c - a +0 rapier
Armour
 h - a +0 robe (worn)
Jewellery
 e - an amulet of faith
 i - a ring of flight (left hand)
Scrolls
 f - a scroll of summoning {unknown}
 g - 2 scrolls of amnesia {unknown}
Potions
 j - 2 potions of magic


   Skills:
 + Level 0.8 Fighting
 + Level 2.0 Dodging
 + Level 2.0 Stealth
 + Level 2.4 Spellcasting
 * Level 4.8 Necromancy


You had 5 spell levels left.
You knew the following spells:

 Your Spells              Type           Power      Damage    Failure   Level
a - Necrotise             Necr           76%        1d7       2%          1

Your spell library contained the following spells:

 Spells                   Type           Power      Damage    Failure   Level
 Vampiric Draining        Necr           19%        2d7       7%          3
 Animate Dead             Necr           19%        N/A       24%         4
 Agony                    Necr           19%        N/A       54%         5


Dungeon Overview and Level Annotations

Branches:
Dungeon (2/15)

Altars:

Shops:
D:1 :


Innate Abilities, Weirdness & Mutations

A weak demonic guardian rushes to your aid.
Spells you cast may paralyse adjacent enemies.


Message History

[Y]es or [N]o only, please.
Really fire in your kobold skeleton's direction? [Y]es or [N]o only, please.
Really fire in your kobold skeleton's direction?
The kobold skeleton is unaffected.
Malevolent energies surge around you.
The kobold skeleton suddenly stops moving!
You feel sick.
You feel sick.
The kobold skeleton crumbles into dust!
You hit the endoplasm.
The endoplasm is heavily wounded.
You feel sick.
You are no longer poisoned.
The adder is no longer paralysed.
The endoplasm hits you but does no damage.
Your goblin skeleton hits the adder but does no damage.
You hit the endoplasm.
The endoplasm is severely wounded.
The endoplasm freezes you.
You are frozen.
Your goblin skeleton hits the dart slug.
The adder bites you.
You are poisoned.
The adder poisons you!
The endoplasm barely resists.
Malevolent energies surge around you.
You feel sick. The endoplasm hits you. The adder bites you.
You are more poisoned.
The adder poisons you! The endoplasm attacks as you move away!
The endoplasm hits you.
* * * LOW HITPOINT WARNING * * *
The adder attacks as you move away! The adder bites you.
* * * LOW HITPOINT WARNING * * *
x2 You feel sick.
Your goblin skeleton hits the dart slug.
It was a potion of invisibility.
You fade into invisibility!
* * * LOW HITPOINT WARNING * * *
You feel sick. The adder barely misses you.
The endoplasm jiggles.
The endoplasm hits you.
You die...

............#........#
............#..#####.#
......#.##.....#
#.....#.....[..#
#.....####...#.# #.
#..####..(#.# #.
#.###..##......#
#...#...##.).....###
#8.)'..wJ@..>....#
#...#Z).S..###...# #.
#......# #####
#....?(# #.....$#
#........ ........##.
##########


You could see an adder (unable to see you, ally target), a dart slug (unable to
see you), an endoplasm and a friendly goblin skeleton.

Vanquished Creatures
  6 ball pythons
  3 endoplasms (D:1)
  A giant cockroach (D:1)
  2 goblins (D:2)
  5 hobgoblins
  A quokka (D:1)
  5 bats (D:1)
  A frilled lizard (D:1)
  10 kobolds
34 creatures vanquished.

Notes
Turn   | Place    | Note
-------+----------+-------------------------------------------
     0 | D:1      | Wobber the Demonspawn Necromancer began the quest for the
                  | Orb.
     0 | D:1      | Reached XP level 1. HP: 13/13 MP: 3/3
   236 | D:1      | Gained mutation: A weak demonic guardian rushes to your
                  | aid. [demonic ancestry]
   236 | D:1      | Reached XP level 2. HP: 19/19 MP: 1/5
   766 | D:1      | Found Boynumum's Book Shoppe.
  1240 | D:2      | Gained mutation: Spells you cast may paralyse adjacent
                  | enemies. [demonic ancestry]
  1240 | D:2      | Reached XP level 3. HP: 24/25 MP: 2/6
  1398 | D:2      | HP: 1/25 [poisoned by an adder]
  1399 | D:2      | Slain by an endoplasm

Illustrated notes

Levels and vault maps discovered:
D:1:      sevenhm_arrival_forest_fort_small_4, layout_basic, serial_shops,
          nicolae_shop_behind_doors
D:2:      layout_basic, basic_altar, nicolae_nh_oracle_at_delphi

Skill      XL: |  1  2 |
---------------+-------+-----
Dodging        | 2 |  2.0
Stealth        | 2 |  2.0
Fighting       | |  0.8
Spellcasting   | |  2.4
Necromancy     | |  4.8

Action                     || total
---------------------------++-------
  Melee: Rapier            ||     5
         Short sword       ||    10
   Fire: Sling             ||     7
   Cast: Necrotise         ||    48
    Use: Potion            ||     1
   Stab: Paralysed         ||     1
 Armour: Robe              ||    13
  Dodge: Dodged            ||    29

Table legend: (Time is in decaauts)
 A = Elapsed time spent in this place.
 B = Non-inter-level travel time spent in this place.
 C = Inter-level travel time spent in this place.
 D = Time resting spent in this place.
 E = Time spent auto-exploring this place.
 F = Levels seen in this place.
 G = Mean time per level.
                   A        B        C        D        E       F      G
               +--------+--------+--------+--------+--------+-----+--------+
         Total |   1401 |   1392 |      9 |      0 |   1173 |   2 |  700.5 |
       Dungeon |   1401 |   1392 |      9 |      0 |   1173 |   2 |  700.5 |
               +--------+--------+--------+--------+--------+-----+--------+

Top non-repeatable levels by time:
     D:1: 1237 daAuts
     D:2: 164 daAuts
